 Dungeon Crawl Stone Soup version 0.23-a0-38-g6d804a8 (webtiles) character file.

1314 Amnesiac the Shield-Bearer (level 8, 0/58 HPs)
             Began as a Mummy Conjurer on Aug 5, 2018.
             Was an Initiate of Sif Muna.
             Killed from afar by an orc wizard (8 damage)
             ... with a magic dart
             ... on level 6 of the Dungeon.
             The game lasted 00:11:27 (5508 turns).

Amnesiac the Shield-Bearer (Mummy Conjurer)         Turns: 5508, Time: 00:11:28

Health: 0/58       AC:  3    Str: 12    XL:     8   Next: 32%
Magic:  14/14      EV: 14    Int: 22    God:    Sif Muna [......]
Gold:   288        SH:  5    Dex: 12    Spells: 8/15 levels left

rFire    . . .     SeeInvis .   a - +4 dagger (drain)
rCold    . . .     Gourm    .   c - +0 buckler
rNeg     + + +     Faith    .   k - +0 robe
rPois    ∞         Spirit   .   (no helmet)
rElec    .         Reflect  .   (no cloak)
rCorr    .         Harm     .   j - +0 pair of gloves
MR       +....                  (no boots)
Stlth    ++........             d - amulet of magic regeneration
HPRegen  0.19/turn              m - ring of fire
MPRegen  0.39/turn              i - +6 ring of intelligence

@: no status effects
A: no food or potions, fire vulnerability, cold resistance 1, negative energy
resistance 3, torment resistance, unbreathing
a: Renounce Religion


You were on level 6 of the Dungeon.
You worshipped Sif Muna.
Sif Muna was noncommittal.
You were not hungry.

You visited 2 branches of the dungeon, and saw 7 of its levels.

You collected 288 gold pieces.

Inventory:

Hand Weapons
 a - a +4 dagger of draining (weapon)
Armour
 c - a +0 buckler (worn)
 j - a +0 pair of gloves (worn)
 k - a +0 robe (worn)
Jewellery
 d - an amulet of magic regeneration (around neck)
 i - a +6 ring of intelligence (right hand)
 m - a ring of fire (left hand)
Scrolls
 b - 4 scrolls of identify {!r}
 e - a scroll of blinking {!r}
 f - a scroll of amnesia {!r, unknown}
 g - 3 scrolls of teleportation {!r}
 h - 3 scrolls of remove curse {!r}
 l - a scroll of fear {!r, unknown}


   Skills:
 - Level 3.0 Fighting
 - Level 4.2 Dodging
 - Level 1.5 Stealth
 - Level 6.0 Shields
 + Level 4.1 Spellcasting
 * Level 4.1 Conjurations


You had 8 spell levels left.
You knew the following spells:

 Your Spells              Type           Power        Failure   Level  Hunger
a - Magic Dart            Conj           ###.         1%          1    N/A
b - Iskenderun's Mystic   Conj           ###.....     21%         4    N/A
d - Searing Ray           Conj           ###...       3%          2    N/A

Your spell library contained the following spells:

 Spells                   Type           Power        Failure   Level  Hunger
 Fulminant Prism          Conj/Hex       ##........   43%         4    N/A
 Dazzling Spray           Conj/Hex       ##....       14%         3    N/A
 Force Lance              Conj/Tloc      ##......     43%         4    N/A

Dungeon Overview and Level Annotations

Branches:
Dungeon (6/15)             Temple (1/1) D:6

Altars:
Ashenzari
Cheibriados
Dithmenos
Elyvilon
Fedhas
Gozag
Hepliaklqana
Kikubaaqudgha
Makhleb
Nemelex Xobeh
Qazlal
Ru
Sif Muna
Trog
Uskayaw
Vehumet
Wu Jian
Xom
Yredelemnul
Zin
The Shining One

Annotations:
D:4 2 transporters, biddum's ghost, amateur GrFi


Innate Abilities, Weirdness & Mutations

You do not eat or drink.
Your flesh is vulnerable to fire.
You are immune to poison.
Your flesh is cold resistant. (rC+)
You are immune to negative energy. (rN+++)
You are immune to unholy pain and torment.
You can survive without breathing.


Message History

Your magical contamination has completely faded away.
You start resting.
Magic restored.
Casting: Searing Ray (safe; 3% risk of failure)
Confirm with . or Enter, or press ? or * to list all spells.
You can't see any susceptible monsters within range! (Use Z to cast anyway.)
You start resting.
The orc wizard is too close now for your liking.
Casting: Searing Ray (safe; 3% risk of failure)
Confirm with . or Enter, or press ? or * to list all spells.
Aiming: Searing Ray (safe; 3% risk of failure)
Press: ? - help, Shift-Dir - straight line, f - orc wizard
Aim: an orc wizard, wielding a dagger and wearing a robe The searing ray hits the orc wizard.
The orc wizard is moderately wounded. (Press . to maintain the ray.)
The searing ray hits the orc wizard.
The orc wizard is moderately wounded.
The orc wizard gestures at you while chanting.
The magic dart hits you!
The searing ray hits the orc wizard.
The orc wizard is almost dead.
The orc wizard points at you and mumbles some strange words.
The magic dart hits you!
The searing ray misses the orc wizard.
You finish channeling your searing ray.
The orc wizard gestures at you while chanting.
The magic dart hits you!
* * * LOW HITPOINT WARNING * * *
Casting: Searing Ray (safe; 3% risk of failure)
Confirm with . or Enter, or press ? or * to list all spells.
Aiming: Searing Ray (safe; 3% risk of failure)
Press: ? - help, Shift-Dir - straight line, f/p - orc wizard
Aim: an orc wizard, wielding a dagger and wearing a robe (almost dead)
The searing ray misses the orc wizard. (Press . to maintain the ray.)
The searing ray hits the orc wizard.
You kill the orc wizard!
Sif Muna accepts your kill.
You start resting.
Magic restored.
You start resting.
The orc wizard is too close now for your liking.
An orc wizard is nearby!
An adder and 2 orc wizards come into view.
The orc wizard shouts!
An orc wizard comes into view. It is wielding a dagger.
Found a worn glass wand and 20 bolts.
There are monsters nearby!
The orc wizard points at you and mumbles some strange words.
The magic dart hits you!
* * * LOW HITPOINT WARNING * * *
You hear a shout!
The orc wizard gestures at you while chanting.
The magic dart hits you!
* * * LOW HITPOINT WARNING * * *
The orc wizard shouts!
The orc wizard casts a spell at you. The magic dart hits you!
* * * LOW HITPOINT WARNING * * *
The orc wizard gestures at you while chanting.
The magic dart hits you!
* * * LOW HITPOINT WARNING * * *
The orc wizard gestures at you while chanting.
The magic dart hits you!
You die...

#.# #.# #.... #.##
#...#.(... #..# #...#.....
##.# #..##..o..
####.######..#....So
#............#...../
######
#.##.........o...... .
#....# #...⌠.@..........#
.. ##...##
#............##.## ...
##...## #.⌠.>.⌠.....##
.... ##....#
#...........######.o.##
#....##
#...⌠......)##........a
#...##
###...###)..#..........
....#
###....####)............
...##
##........###).o......###
..##
###......##..............#


You could see 2 orc wizards.

Vanquished Creatures
  Pikel (D:4)
  Duvessa (D:5)
  4 slaves (D:4)
  An ogre (D:4)
  2 centaurs (D:5)
  Dowan (D:5)
  A howler monkey (D:4)
  A crimson imp (D:5)
  3 orc priests
  A hound (D:4)
  3 orc wizards
  An iguana (D:5)
  2 adders
  A shadow imp (D:5)
  An ooze (D:2)
  4 worms
  4 leopard geckos
  24 orcs
  6 bats
  4 giant cockroaches
  11 hobgoblins
  6 jackals
  2 ball pythons
  A ball python skeleton (D:4)
  3 frilled lizards
  8 goblins
  A jackal skeleton (D:5)
  6 kobolds
  A leopard gecko skeleton (D:4)
  A quokka skeleton (D:4)
  10 rats
116 creatures vanquished.

Notes
Turn   | Place    | Note
-------+----------+-------------------------------------------
     0 | D:1      | Amnesiac the Mummy Conjurer began the quest for the Orb.
     0 | D:1      | Reached XP level 1. HP: 13/13 MP: 4/4
   303 | D:1      | Reached XP level 2. HP: 13/19 MP: 0/6
   317 | D:1      | Learned a level 2 spell: Searing Ray
  1091 | D:2      | Reached XP level 3. HP: 24/24 MP: 6/8
  1616 | D:2      | Reached XP level 4. HP: 15/31 MP: 0/9
  1641 | D:2      | Learned a level 4 spell: Iskenderun's Mystic Blast
  1922 | D:3      | Found a stormy altar of Qazlal.
  1929 | D:3      | Reached skill level 1 in Fighting
  2767 | D:4      | Reached skill level 1 in Shields
  2767 | D:4      | Reached XP level 5. HP: 31/37 MP: 6/11
  2969 | D:4      | Found a blossoming altar of Fedhas.
  2980 | D:4      | Found an ancient bone altar of Kikubaaqudgha.
  2981 | D:4      | Found a glowing golden altar of the Shining One.
  3043 | D:4      | Found a transporter.
  3045 | D:4      | Found a transporter.
  3046 | D:4      | Noticed biddum's ghost (amateur GrFi)
  3119 | D:4      | Reached skill level 2 in Shields
  3145 | D:4      | Noticed an ogre
  3151 | D:4      | Killed an ogre
  3151 | D:4      | Reached skill level 3 in Shields
  3151 | D:4      | Reached XP level 6. HP: 31/43 MP: 2/12
  3270 | D:4      | Noticed a slave
  3283 | D:4      | Killed a slave
  3301 | D:4      | Noticed a slave
  3302 | D:4      | Noticed a slave
  3319 | D:4      | Killed a slave
  3340 | D:4      | Noticed a slave
  3341 | D:4      | Noticed Pikel
  3354 | D:4      | Killed a slave
  3356 | D:4      | Killed a slave
  3400 | D:4      | Paralysed by Pikel for 2 turns
  3472 | D:4      | Killed Pikel
  3472 | D:4      | Reached skill level 5 in Shields
  3472 | D:4      | Reached XP level 7. HP: 15/48 MP: 3/13
  3869 | D:5      | Entered Level 5 of the Dungeon
  4233 | D:5      | Found a burning altar of Makhleb.
  4318 | D:5      | Reached skill level 6 in Shields
  4318 | D:5      | Reached XP level 8. HP: 31/57 MP: 7/14
  4482 | D:5      | Noticed Duvessa
  4483 | D:5      | Noticed Dowan
  4541 | D:5      | Killed Duvessa
  5064 | D:5      | Killed Dowan
  5258 | D:6      | Found a staircase to the Ecumenical Temple.
  5286 | Temple   | Entered the Ecumenical Temple
  5437 | Temple   | Became a worshipper of Sif Muna the Loreminder
  5508 | D:6      | Killed from afar by an orc wizard

Vault maps used:
D:1:      tarquinn_simple_flora_water_d
D:2:      first_ration
D:3:      grunt_qazlal_clouds
D:4:      wad_crossroads, minitemple, gammafunk_ghost_mausoleum, uniq_pikel
D:5:      bloody_makhleb, uniq_duvessa
D:6:      minmay_flawed_box, temple_fountains
Temple:   eino_temple_rhombus

Skill      XL: |  1  2  3  4  5  6  7  8 |
---------------+-------------------------+-----
Spellcasting   | 3 4 |  4.1
Dodging        | 2 3 4 |  4.2
Fighting       | 1 2 3 |  3.0
Conjurations   | 4 |  4.1
Shields        | 1 3 5 6 |  6.0
Stealth        | |  1.5

Action                   |  1- 3 |  4- 6 |  7- 9 || total
-------------------------+-------+-------+-------++-------
Melee: Unarmed           |    28 |     5 |       ||    33
 Cast: Magic Dart        |   121 |    79 |    40 ||   240
       Searing Ray       |     2 |    25 |    19 ||    46
       Iskenderun's Myst |       |     1 |       ||     1
  Use: Scroll            |       |     3 |       ||     3
Armor: Robe              |    12 |     4 |       ||    16
Dodge: Dodged            |    38 |    22 |    12 ||    72
Block: Buckler           |       |     9 |    11 ||    20

Table legend:
 A = Spawn XP
 B = Non-spawn XP
 C = Spawn XP percentage of total XP
 D = Spawn monster count
 E = Non-spawn monster count
 F = Spawn count percentage of total count
 G = Total turns spent on level
                    A         B        C        D         E        F      G
               +---------+---------+-------+---------+---------+-------+---------
         Total |       0 |    1878 |   0.0 |       0 |     112 |   0.0 |  5508
               +---------+---------+-------+---------+---------+-------+---------
           D:1 |       0 |      40 |   0.0 |       0 |      25 |   0.0 |  1058
           D:2 |       0 |      63 |   0.0 |       0 |      21 |   0.0 |   861
           D:3 |       0 |      74 |   0.0 |       0 |      19 |   0.0 |   842
           D:4 |       0 |    1002 |   0.0 |       0 |      24 |   0.0 |  1108
           D:5 |       0 |     646 |   0.0 |       0 |      17 |   0.0 |  1257
           D:6 |       0 |      53 |   0.0 |       0 |       6 |   0.0 |   214
               +---------+---------+-------+---------+---------+-------+---------
